[Event "Czech Championship 2022"]
[Site "Usti nad Labem"]
[Date "2022.05.21"]
[Round "8.1"]
[White "Babula, Vlastimil"]
[Black "Zwardon, Vojtech"]
[Result "1-0"]
[ECO "D38"]
[WhiteElo "2576"]
[BlackElo "2482"]
[Annotator "TA"]
[PlyCount "63"]
[EventDate "2022.05.12"]
[EventType "swiss"]
[EventCountry "CZE"]
[SourceTitle "playchess.com"]
[Source "ChessBase"]
[SourceQuality "1"]
[TimeControl "40/5400+30:1800+30"]

1. d4 Nf6 2. c4 e6 3. Nf3 d5 4. Nc3 Bb4 5. Qb3 a5 (5... c5 {feels hotter.} 6. dxc5 Na6 7. a3 Bxc3+ 8. Qxc3 Nxc5 9. Bg5 dxc4 10. Qxc4 Nce4) 6. a3 {[%emt 0:02:18] D38: Queen's Gambit Declined: Ragozin Defence (4 Nf3 Bb4).} a4 7. Qc2 ({Much worse is} 7. Qxb4 Nc6 8. Qb5 Ra5 $17) 7... Bxc3+ {[%emt 0:01:48] [#]} 8. bxc3 $146 {[%emt 0:08:22] The position is equal.} ({Predecessor:} 8. Qxc3 Ne4 9. Qc2 c5 10. e3 cxd4 11. cxd5 exd5 12. Nxd4 O-O 13. Bd3 Nc6 14. O-O Nxd4 15. exd4 {½-½ (42) Davtyan,A (2461)-Gharibyan,M (2433) Jermuk 2020}) 8... h6 9. cxd5 exd5 10. Bf4 O-O 11. e3 Be6 12. Bd3 Nbd7 13. h3 c5 14. Qb2 Qa5 15. O-O Rfc8 16. Rab1 cxd4 17. cxd4 Rc3 18. Rfd1 Rb3 19. Qa2 Rxd3 20. Rxd3 Bf5 21. Rdd1 Bxb1 22. Rxb1 Qa6 23. Ne5 (23. Qb2 $14 {is more appropriate.}) 23... Rd8 (23... Nxe5 $1 $11 {keeps the balance.} 24. Bxe5 (24. dxe5 Ne4 $11) 24... Ne4) 24. Qb2 {[%emt 0:05:28] White is more active.} ({Better is} 24. Nxd7 $16 Rxd7 25. Qc2) 24... Nxe5 $14 25. Bxe5 Rd7 ({Black should try} 25... Ne4 $14) 26. Bxf6 Qxf6 $18 {[%emt 0:00:02][%mdl 4096] Endgame KQR-KQR} 27. Qb5 $36 {[%emt 0:01:22][%mdl 2048] Black is under strong pressure.} Qf5 28. Rc1 {[%emt 0:01:05] Inhibits Rc7.} Rd6 29. Qxb7 {[%emt 0:00:53] [#] Hoping for Qb8+.} Kh7 30. Qb1 Kg6 (30... Qxb1 {was called for.} 31. Rxb1 Rc6) 31. Qxf5+ Kxf5 32. Rc7 {[%emt 0:00:12] Weighted Error Value: White=0.12 (very precise) /Black=0.27 (precise)} 1-0

[Event "Czech Championship 2022"]
[Site "Usti nad Labem"]
[Date "2022.05.21"]
[Round "8.2"]
[White "Navara, David"]
[Black "Plat, Vojtech"]
[Result "1-0"]
[ECO "C41"]
[WhiteElo "2682"]
[BlackElo "2547"]
[Annotator "TA"]
[PlyCount "69"]
[EventDate "2022.05.12"]
[EventType "swiss"]
[EventCountry "CZE"]
[SourceTitle "playchess.com"]
[Source "ChessBase"]
[SourceQuality "1"]
[TimeControl "40/5400+30:1800+30"]

1. e4 d6 2. d4 Nf6 3. Nc3 e5 4. Nf3 Nbd7 5. Bc4 Be7 6. O-O O-O 7. a4 a5 8. Re1 c6 {[%emt 0:00:03] 8...b6 is not played anymore.} 9. h3 Nb6 {[%emt 0:00:03] The main line 9...Nb6 scores better than 9...exd4. C41: Philidor Defence.} (9... exd4 10. Nxd4 Nc5 11. Bf4 Be6 12. Bf1 Re8 13. Qf3 Qb6 14. Rad1 Rad8 15. b3 Qb4 16. e5 Nd5 17. Nxe6 fxe6 18. exd6 Nxc3 19. dxe7 Rxd1 20. Rxd1 N5e4 21. Rd7 Nd5 22. Rd8 Nef6 23. Bd6 {1-0 (23) Navara,D (2726)-Plat,V (2496) Prague 2016}) 10. Bf1 exd4 11. Nxd4 d5 {[%emt 0:00:02] The position is equal.} 12. e5 Ne8 13. Nce2 {[%emt 0:00:31] was the old line (13.Qf3).} g6 14. b3 $5 {[%emt 0:00:32][%mdl 4] Exploring less charted territory.} Ng7 15. Nf4 Bb4 16. Bd2 {[%emt 0:01:13] Inhibits Bc3.} Bxd2 17. Qxd2 Qe7 18. Qe3 Nd7 (18... Qc7 $14) 19. c4 $16 {[%emt 0:05:06] [#]} g5 $146 {[%emt 0:06:37] [#]} ({Predecessor:} 19... dxc4 20. Bxc4 Nc5 21. Rad1 Re8 22. Qc3 Nce6 23. Nfxe6 Nxe6 24. Nxe6 Bxe6 25. Bxe6 Qxe6 {½-½ (42) Tissir,M (2359)-Shimanov,A (2594) Dubai 2015}) 20. Nxd5 cxd5 21. cxd5 Re8 {[%emt 0:07:21][%cal Re7e5] [#]} 22. Nf3 {[%emt 0:01:13][%mdl 1024] White has strong compensation.} ({Reject} 22. e6 $6 fxe6 23. Nb5 Nf6 $11) 22... h6 23. Bb5 Rd8 24. Rac1 {[%emt 0:02:03] Against Qc5} Nf5 25. d6 Qf8 (25... Qe6 $142 26. Qd3 Nf8) 26. Qe4 {[%emt 0:03:25] White is much more active. The black rooks are badly placed.} Nxd6 {[%emt 0:12:11] This move loses the game for Black.} 27. exd6 $18 Nf6 28. Qe5 Rxd6 29. Red1 Re6 30. Qc5 {[%emt 0:04:17] Qxf8+ is the strong threat.} Re7 {[%emt 0:00:36] [#]} 31. Nxg5 Bd7 (31... hxg5 $2 32. Qxg5+ Kh7 33. Qxf6 $18) 32. Bxd7 Nxd7 33. Qf5 hxg5 $2 (33... Qg7 34. Ne4 Qe5) 34. Qxg5+ Kh8 35. Rc4 {[%emt 0:01:03] Weighted Error Value: White=0.05 (flawless) /Black=0.23 (precise)} 1-0

[Event "Czech Championship 2022"]
[Site "Usti nad Labem"]
[Date "2022.05.21"]
[Round "8.3"]
[White "Hracek, Zbynek"]
[Black "Kraus, Tomas"]
[Result "1/2-1/2"]
[ECO "B45"]
[WhiteElo "2570"]
[BlackElo "2472"]
[Annotator "TA"]
[PlyCount "79"]
[EventDate "2022.05.12"]
[EventType "swiss"]
[EventCountry "CZE"]
[SourceTitle "playchess.com"]
[Source "ChessBase"]
[SourceQuality "1"]
[TimeControl "40/5400+30:1800+30"]

1. e4 c5 2. Nf3 e6 3. d4 cxd4 4. Nxd4 Nf6 5. Nc3 Nc6 6. Be2 d5 7. exd5 {[%emt 0:01:25] B45: Sicilian Four Knights.} Nxd5 8. Nxc6 bxc6 9. Ne4 Be7 10. c4 $1 Nf6 11. Qxd8+ {[%emt 0:02:01] [#]} Bxd8 $146 ({Predecessor:} 11... Kxd8 12. Nc3 Rb8 13. Bf4 Rb7 14. Bf3 Bd7 15. O-O-O Kc8 16. Rd3 Rd8 17. Rhd1 Rb4 {½-½ (34) Aveskulov,V (2457)-Khakimov,T (2282) Kharkov 2005}) 12. Bf3 {[%emt 0:13:16] [#] Nxf6+ is the strong threat.} Nxe4 13. Bxe4 Bb7 14. Be3 Bb6 15. c5 {[%emt 0:01:09] White is more active.} Ba5+ 16. Ke2 O-O-O 17. Rhd1 Ba6+ 18. Kf3 Kb7 19. b4 Bc7 (19... Bxb4 $2 20. Rdb1 $18) 20. a4 $1 Bc4 21. b5 Bd5 22. Bxd5 exd5 23. Bd4 f6 24. b6 axb6 25. cxb6 Be5 26. a5 {[%emt 0:01:24] aiming for a6+.} Ra8 27. Bxe5 fxe5 $11 {[%emt 0:00:00][%mdl 4096] Endgame KRR-KRR} 28. Ke2 Rhf8 29. Rd3 Rf7 30. Re3 Re8 31. Rc3 Ra8 32. Raa3 Raf8 33. f3 g5 34. Rcb3 {[%emt 0:05:27] Black must now prevent a6+.} Ra8 35. Ra4 Ka6 {[%emt 0:01:07] The position is equal.} 36. h4 gxh4 37. Rxh4 Rg8 38. Kf2 e4 39. Rb2 Rfg7 (39... Kxa5 $2 40. Rh1 e3+ 41. Kxe3 Re8+ 42. Kd4 Rf4+ 43. Kc5 $18) 40. Ke3 {[%emt 0:00:36] Weighted Error Value: White=0.07 (flawless) /Black=0.07 (flawless)} 1/2-1/2

[Event "Czech Championship 2022"]
[Site "Usti nad Labem"]
[Date "2022.05.21"]
[Round "8.4"]
[White "Nemec, Jachym"]
[Black "Stocek, Jiri"]
[Result "0-1"]
[ECO "E27"]
[WhiteElo "2367"]
[BlackElo "2533"]
[Annotator "TA"]
[PlyCount "70"]
[EventDate "2022.05.12"]
[EventType "swiss"]
[EventCountry "CZE"]
[SourceTitle "playchess.com"]
[Source "ChessBase"]
[SourceQuality "1"]
[TimeControl "40/5400+30:1800+30"]

1. d4 Nf6 2. c4 e6 3. Nc3 Bb4 4. a3 Bxc3+ 5. bxc3 O-O 6. f3 Ne8 7. e4 b6 8. Bd3 Ba6 {[%emt 0:00:16] E27: Nimzo-Indian: Sämisch: 5...0-0 6 f3.} 9. f4 f5 10. e5 Nc6 {[%emt 0:01:43] The position is equal.} 11. Qe2 Na5 12. Nf3 d5 13. exd6 Nxd6 14. Ne5 {[%emt 0:03:56] [#]} Qh4+ $146 ({Predecessor:} 14... Nf7 15. O-O Nxe5 16. fxe5 Qd7 17. Rb1 Rf7 18. g4 Qc6 19. gxf5 Bxc4 20. fxe6 Rxf1+ 21. Qxf1 Qxe6 {0-1 (34) Terrieux,K (2343)-Leitao,R (2598) Charleroi 2006}) 15. g3 Qh3 16. Be3 Rac8 17. O-O-O c6 18. Qa2 {[%emt 0:04:29] [#] And now c5 would win.} Qh6 19. a4 (19. h4 $11) 19... c5 $17 20. d5 (20. Rhg1 $17) 20... Rfe8 21. Kb1 Qf6 (21... exd5 $19 22. cxd5 Bxd3+ 23. Rxd3 c4) 22. Rhe1 Qe7 (22... Rcd8 $17) 23. Kc2 (23. Bc1 $11) 23... Qc7 24. Bg1 Rcd8 25. Be2 (25. Kb1 $142) 25... Nf7 {[%emt 0:02:56] Pair of Knights!} 26. Bd3 exd5 27. cxd5 Bxd3+ 28. Nxd3 Re4 {[%emt 0:03:38] Prevents Ne5.} 29. Rxe4 fxe4 30. Nb2 (30. Ne1 $17) 30... Nd6 $19 31. Re1 Qf7 32. Nd1 $2 (32. Kb1) 32... Ndc4 33. Ne3 {[%emt 0:00:32] [#]} Nxe3+ (33... Rxd5 $142 $1 {( -> ...Rd2+)} 34. Nxc4 Nxc4) 34. Rxe3 $2 (34. Bxe3 Rxd5 35. Kb1) 34... Rxd5 {[%emt 0:00:05][%cal Od5d2] Strongly threatening ...Rd2+!} 35. Qa1 Rd2+ {[%emt 0:00:23] Weighted Error Value: White=0.78/Black=0.31} 0-1

[Event "Czech Championship 2022"]
[Site "Usti nad Labem"]
[Date "2022.05.21"]
[Round "8.5"]
[White "Krejci, Jan"]
[Black "Stalmach, Richard"]
[Result "1-0"]
[ECO "E71"]
[WhiteElo "2520"]
[BlackElo "2350"]
[Annotator "TA"]
[PlyCount "69"]
[EventDate "2022.05.12"]
[EventType "swiss"]
[EventCountry "CZE"]
[SourceTitle "playchess.com"]
[Source "ChessBase"]
[SourceQuality "1"]
[TimeControl "40/5400+30:1800+30"]

1. d4 Nf6 2. c4 g6 3. Nc3 Bg7 4. e4 d6 5. h3 O-O 6. Be3 Na6 7. g4 {[%emt 0:04:50] E71: King's Indian: 4 e4 d6 5 h3.} c6 8. Nge2 {[%emt 0:02:57] [#]} Rb8 $146 ({Predecessor:} 8... Nc7 9. Ng3 b5 10. cxb5 cxb5 11. Bg2 e5 12. dxe5 dxe5 13. Qxd8 Rxd8 14. O-O b4 {½-½ (39) Parligras,M (2623)-Grischuk,A (2769) Douglas 2018}) 9. Ng3 {[%emt 0:02:05] White is slightly better.} b5 10. cxb5 cxb5 11. Bg2 ({Not} 11. Nxb5 {[#]} Rxb5 $1 12. Bxb5 Qa5+ 13. Kf1 Qxb5+ 14. Qe2 Qxe2+ 15. Kxe2 Bb7 $17) (11. Bxb5 $16 Nc7 12. a4) 11... b4 $11 12. Nce2 Bd7 (12... e5 $14) 13. O-O Bb5 14. f4 Qa5 ({Black should try} 14... e5 $14) 15. f5 Rfd8 (15... h6 $16) 16. g5 $18 Nd7 17. h4 e5 18. fxe6 fxe6 19. h5 Nc7 (19... Rf8 $16) 20. Rf2 Re8 $2 (20... Nf8 21. a4 bxa3) 21. Rc1 Re7 22. Bh3 Nf8 23. h6 Bh8 24. Nf4 Ba4 25. Qf3 {[%emt 0:04:06] Threatens to win with Rcf1.} ({Don't take} 25. Qg4 $6 e5 $14) 25... e5 $2 {[%emt 0:02:50] [#]} (25... Rf7) 26. Rxc7 $1 Qxc7 27. Nd5 exd4 $2 (27... Qb7 28. Nxe7+ Qxe7) 28. Nxc7 {[%emt 0:01:18][%cal Oh3e6] Intending Be6+! and mate. Pair of Knights!} dxe3 {[%emt 0:00:05] [#]} 29. Qxe3 Rxc7 30. e5 Bxe5 31. Bg2 Rc5 $2 (31... Rd8 32. Ne4 Re7) 32. Ne4 Ra5 33. Qf3 {[%emt 0:01:20] White mates.} Nd7 34. Qf7+ Kh8 35. Nf6 {[%emt 0:00:39] Weighted Error Value: White=0.35/Black=0.68} 1-0

[Event "Czech Championship 2022"]
[Site "Usti nad Labem"]
[Date "2022.05.21"]
[Round "8.6"]
[White "Rasik, Vitezslav"]
[Black "Cernousek, Lukas"]
[Result "1/2-1/2"]
[ECO "B50"]
[WhiteElo "2433"]
[BlackElo "2440"]
[Annotator "TA"]
[PlyCount "212"]
[EventDate "2022.05.12"]
[EventType "swiss"]
[EventCountry "CZE"]
[SourceTitle "playchess.com"]
[Source "ChessBase"]
[SourceQuality "1"]
[TimeControl "40/5400+30:1800+30"]

1. e4 c5 2. Nf3 d6 3. c3 Nf6 4. h3 Nbd7 5. Bd3 b6 6. O-O Bb7 7. Re1 Rc8 8. Bc2 Qc7 9. Na3 e6 10. Nb5 Qb8 $1 11. d4 a6 12. Na3 cxd4 13. cxd4 ({Reject} 13. Qxd4 b5 $15) 13... d5 14. e5 Ne4 15. Nb1 Qa8 16. Bf4 Be7 17. Nbd2 O-O 18. Qb1 Rc7 19. Nxe4 dxe4 20. Bxe4 Bxe4 21. Qxe4 Qxe4 22. Rxe4 Rc2 23. Rb1 b5 24. Ree1 Nb6 25. Rec1 Rfc8 26. Ne1 Rxc1 27. Rxc1 Rxc1 28. Bxc1 Kf8 29. Kf1 Ke8 30. Ke2 Nd5 31. Nc2 a5 32. Bd2 a4 33. Kd3 Kd7 34. Ke4 Kc6 35. g3 Kd7 36. Ne3 Nxe3 37. Bxe3 Kc6 38. Bd2 Bf8 39. f3 Be7 40. Be1 Bf8 41. g4 Be7 (41... g6 $142) 42. h4 $1 $16 Bd8 43. h5 Be7 44. Bd2 g6 45. Be1 Bg5 46. f4 Be7 47. Bd2 Bh4 48. Be3 (48. f5 $16) 48... Be1 (48... Bg3 $18 49. f5 Be1) 49. f5 Bg3 50. Bd2 Bh4 51. f6 Bf2 (51... Bg3 $16 52. Bf4 Be1) 52. Bb4 $2 (52. a3 $18) 52... Bh4 $1 $14 53. Bf8 Bg5 $1 54. Bb4 Bh4 55. Bd2 (55. hxg6 $14 {is superior.} hxg6 56. Bd2) 55... Bg3 $2 (55... Bf2 $11 {and Black stays safe.}) 56. Bb4 $2 (56. a3 $1 $18) 56... Bh4 $1 $14 57. Bc3 Bf2 ({Better is} 57... Bg5 $1 $14) 58. Bd2 $2 (58. a3 $18) 58... Bh4 $2 (58... Bg3 $1 $11) 59. Bh6 (59. a3 $1 $18) 59... Bf2 $2 (59... Bg3 $16 60. Bd2 gxh5) 60. d5+ $18 Kd7 (60... exd5+ 61. Kf3 Bd4 62. hxg6 hxg6 63. e6 fxe6 64. f7 $18) 61. Bf8 $2 (61. hxg6 hxg6 62. Bd2) 61... Bb6 $18 62. Bb4 Bf2 63. Bc3 Bg3 $2 (63... Bc5 64. Bd2 Bb6) 64. Bd4 $2 (64. hxg6 hxg6 65. b3) 64... Be1 $18 65. Be3 Bg3 $2 (65... Ba5 66. Bc5 Bd2) 66. Bd4 $2 (66. hxg6 hxg6 67. Kd4) 66... Be1 $1 $18 67. Bb6 Bg3 $2 (67... Bd2 {keeps fighting.} 68. Bf2 b4 69. hxg6 hxg6) 68. Ba5 (68. Be3 $142 Bh4 69. Kd4) 68... Bf2 $18 69. Bb4 Bg3 $2 (69... Bb6 {was necessary.} 70. Bc3 gxh5) 70. Bc5 (70. Bd2 $142 {Hoping for Kd4.} Bf2 71. Bc3) 70... Be1 $18 71. Be3 $2 (71. d6) 71... Bg3 $1 $18 72. Kd4 Bh2 73. Bf2 Bf4 74. Bg1 $2 (74. hxg6 $18 {is more deadly. Intending g7 and mate.} hxg6 75. Be3) 74... Bc1 $16 75. b3 axb3 76. axb3 Bf4 $2 (76... Bb2+ $16 77. Ke4 Bc1) 77. Bf2 Bc1 78. Ke4 (78. hxg6 $142 {g7 would kill now.} hxg6 79. Be1) 78... Bb2 79. Bd4 Ba3 80. Bc3 Bc5 81. Bb2 $2 (81. hxg6 $18 hxg6 82. Bd2) 81... Bb6 $16 82. Ba3 $1 Ba5 83. Bc5 $2 (83. hxg6 $18 {and White stays clearly on top.} hxg6 84. Bb2) 83... Bc3 84. Ba3 $2 ({White should play} 84. Be3 $16) 84... Ba1 $2 (84... Ba5 $11) 85. Bb4 $18 Bb2 86. Bd2 Ba1 87. Be3 $2 (87. d6 $18 {has better winning chances. Kf4 is the strong threat.} Bb2 88. Be3) 87... Bb2 $2 (87... Bc3 $16 88. Bc1 Ke8) 88. Bd4 Ba3 $1 89. Bc3 Bc5 $1 90. Bd2 $2 (90. hxg6 {White threatens g7 and mate.} hxg6 91. Bd2) 90... Bb6 $2 (90... Bf2 91. Bb4 Bg1) 91. Be1 $1 $18 Bc5 92. Bc3 (92. b4 $142 Ba7 93. Bg3) 92... Bb6 93. Bb4 Bg1 94. Bd6 Bf2 95. Bf8 $2 (95. hxg6 $1 $18 hxg6 96. Bb4) 95... Bb6 $2 (95... Be1 $16 {is tougher.} 96. Bc5 gxh5) 96. Bb4 (96. hxg6 $142 hxg6 97. Bb4) 96... Bg1 $1 $18 {[%emt 0:00:12] [#]} 97. Bc3 $2 (97. hxg6 $1 $18 hxg6 98. Bd2) 97... Bc5 $2 {[%emt 0:00:16][%mdl 8192] [#]} (97... Bb6 $11 {and Black is okay.}) 98. Bd4 $2 (98. Be1 $1 $18 {aiming for d6.} Bg1 99. Bc3) 98... Bb4 (98... Ba3 $1 $11 {remains equal.}) 99. Bf2 Bc3 100. Be3 (100. d6 $16) 100... Bb2 $1 $18 101. Bf4 (101. d6 $18) 101... Ba1 $2 (101... Bc3 $16 {is a better chance.} 102. Be3 Bb4) 102. Bd2 $18 Bb2 103. Be3 (103. Be1 $18) 103... Bc3 $16 104. Bc5 Bb2 105. Bd4 Ba3 $1 106. Bc3 Bc5 $1 1/2-1/2

[Event "Czech Championship 2022"]
[Site "Usti nad Labem"]
[Date "2022.05.21"]
[Round "8.7"]
[White "Rubes, Jan"]
[Black "Sorm, Daniel"]
[Result "1/2-1/2"]
[ECO "D24"]
[WhiteElo "2386"]
[BlackElo "2306"]
[Annotator "TA"]
[PlyCount "53"]
[EventDate "2022.05.12"]
[EventType "swiss"]
[EventCountry "CZE"]
[SourceTitle "playchess.com"]
[Source "ChessBase"]
[SourceQuality "1"]
[TimeControl "40/5400+30:1800+30"]

1. d4 d5 2. c4 e6 3. Nf3 Nf6 4. Nc3 dxc4 5. e4 Bb4 6. Bxc4 {[%emt 0:00:05] D24: Queen's Gambit Accepted: 3 Nf3 Nf6 4 Nc3.} Nxe4 7. O-O Nf6 8. Bg5 {[%emt 0:00:58][%mdl 1024] White has compensation.} O-O 9. Qe2 h6 10. Bh4 {[%emt 0:00:17] [#]} Nbd7 $146 ({Predecessor:} 10... Be7 11. Rad1 Nc6 12. Rfe1 Nd5 13. Bxd5 Bxh4 14. Bxc6 bxc6 15. Qc4 Rb8 16. Nxh4 Qxh4 {½-½ (32) Carlsen,M (2847)-Duda,J (2738) Krasnaya Polyana 2021}) 11. Rad1 Nb6 12. Bd3 Nbd5 13. Bc2 Bxc3 ({Resist} 13... Nxc3 14. bxc3 Be7 15. Qd3 $14) 14. bxc3 Nxc3 {[%emt 0:00:39] Pair of Knights!} 15. Qd3 {[%emt 0:00:11] [#] And now Bxf6 would win.} Ncd5 (15... Nxd1 $2 16. Bxf6 g6 17. Bxd8 $18) 16. a3 Qd6 17. Ne5 Qa6 18. Qf3 Bd7 19. Rb1 Ba4 (19... Bb5 $17 20. Rfe1 Nd7) 20. Bd3 $15 Qd6 21. g4 (21. Rxb7 $15 Rfb8 22. Rfb1 Rxb7 23. Rxb7) 21... c5 22. Bg3 Qe7 23. h4 Nd7 {[%emt 0:03:28] Threatens to win with ...Nxe5.} (23... cxd4 24. g5 Nd7 25. Rxb7 $11) 24. Qe4 {[%emt 0:04:41][%csl Gd3][%cal Re4h7] [#]} N7f6 {[%emt 0:05:02] Inhibits Qh7+.} (24... N5f6 $5 25. Qe2 cxd4 26. Rxb7 Qc5 $15) 25. Qf3 Nd7 {[%emt 0:00:19] Strongly threatening ...Nxe5.} ({But not} 25... cxd4 26. g5 Nd7 27. Rxb7 $11) 26. Qe4 N7f6 {[%emt 0:00:06] Prevents Qh7+.} (26... N5f6 $5 27. Qe2 cxd4 28. Rxb7 Qc5 $15) 27. Qf3 {[%emt 0:04:13] Weighted Error Value: White=0.13 (very precise) /Black=0.20 (precise)} 1/2-1/2

[Event "Czech Championship 2022"]
[Site "Usti nad Labem"]
[Date "2022.05.21"]
[Round "8.8"]
[White "Finek, Vaclav"]
[Black "Smolik, Jachym"]
[Result "1-0"]
[ECO "E04"]
[WhiteElo "2410"]
[BlackElo "2272"]
[Annotator "TA"]
[PlyCount "93"]
[EventDate "2022.05.12"]
[EventType "swiss"]
[EventCountry "CZE"]
[SourceTitle "playchess.com"]
[Source "ChessBase"]
[SourceQuality "1"]
[TimeControl "40/5400+30:1800+30"]

1. Nf3 Nf6 2. c4 e6 3. g3 d5 4. d4 dxc4 5. Bg2 a6 6. O-O Nc6 7. e3 Bd7 8. Qe2 b5 {[%emt 0:15:46] 8...Bd6 is the modern continuation.} 9. b3 {[%emt 0:03:49] E04: Open Catalan: 5 Nf3.} cxb3 10. axb3 Be7 11. Bb2 {[%emt 0:00:34][%mdl 1024] White has compensation. White is slightly better.} O-O 12. Nbd2 Nb4 13. Ne5 c6 14. Rfc1 Rc8 {[%emt 0:03:14] [#]} 15. Ne4 $146 ({Predecessor:} 15. h4 Be8 16. Ba3 a5 17. h5 Qb6 18. h6 g6 19. Nd3 Bd7 20. Nc5 Rfd8 21. Bxb4 axb4 {½-½ (40) Kezin,R (2445)-Airapetian,G (2437) Sochi 2018}) 15... Nxe4 16. Bxe4 Be8 (16... f6 $1 $11 17. Nd3 (17. Nxd7 Qxd7 18. Bc3 Nd5 $14) (17. Qh5 f5 $11) 17... Nxd3 18. Qxd3 f5) 17. Ba3 $16 (17. Qh5 $2 f5 18. Qf3 fxe4 $19) 17... Qb6 18. Bxb4 (18. Qh5 $6 f5 19. Qh3 a5 $15) 18... Bxb4 19. Nd3 {[%emt 0:00:11] White is much more active. The black rooks are badly placed.} (19. Qh5 f5 20. Qh3 Bd6 $17) 19... Be7 20. Qa2 ({Avoid the trap} 20. Qh5 $2 f5 21. Qf3 fxe4 $19) (20. Nc5 a5 $11) 20... Ra8 21. Ne5 a5 22. Qb1 g6 23. Ra2 Rc8 24. Qa1 $1 f6 25. Nd3 Ra8 26. Nf4 Kf7 27. Rac2 $1 Qb7 {[%emt 0:02:28] [#] This costs Black the game.} (27... Rc8 $16 {keeps fighting.}) 28. Nxe6 $1 Kxe6 29. Rxc6+ Bxc6 30. Rxc6+ Kd7 {[%emt 0:03:59] [#] And now ...Qxc6 would win.} 31. Rd6+ {[%emt 0:00:04][%mdl 576] Discovered Attack} Bxd6 32. Bxb7 Ra7 33. Bd5 a4 34. bxa4 bxa4 35. Qf1 {[%emt 0:00:49] Black must now prevent Qh3+.} f5 36. Qb5+ Ke7 {[%emt 0:00:06] [#]} 37. Ba2 $1 a3 38. Qd5 $36 {[%emt 0:02:18][%mdl 2048] Threatens to win with Qe6+. White is on the roll.} Kd7 39. Bc4 Rc8 {[%emt 0:02:05] [#]} (39... Rfa8 $16) 40. Qf7+ $1 $18 Be7 $2 (40... Kd8 41. Qxa7 Rxc4) 41. Be6+ {[%emt 0:06:11] White is clearly winning.} Kd6 {[%emt 0:00:00] Strongly threatening ...Rf8.} 42. Bxc8 {[%emt 0:00:37] Intending Qc4 and mate.} a2 43. Qe6+ Kc7 44. Qxe7+ Kb8 45. Qb4+ Ka8 {[%emt 0:00:12] [#]} 46. Bb7+ $1 Rxb7 47. Qf8+ {[%emt 0:00:19] Weighted Error Value: White=0.07 (flawless) /Black=0.29 (precise)} 1-0

[Event "Czech Championship 2022"]
[Site "Usti nad Labem"]
[Date "2022.05.21"]
[Round "8.9"]
[White "Brejnik, Gustav"]
[Black "Mikes, Jan"]
[Result "1-0"]
[ECO "A67"]
[WhiteElo "2246"]
[BlackElo "2349"]
[Annotator "TA"]
[PlyCount "79"]
[EventDate "2022.05.12"]
[EventType "swiss"]
[EventCountry "CZE"]
[SourceTitle "playchess.com"]
[Source "ChessBase"]
[SourceQuality "1"]
[TimeControl "40/5400+30:1800+30"]

1. d4 Nf6 2. c4 c5 3. d5 e6 4. Nc3 exd5 5. cxd5 d6 6. e4 g6 7. f4 Bg7 8. Bb5+ Nfd7 9. Nf3 O-O 10. O-O a6 11. Bd3 b5 12. a3 Nb6 {[%emt 0:06:05] A67: Modern Benoni: Taimanov Variation.} 13. f5 N8d7 14. Bg5 Bf6 {[%emt 0:03:25] [#] The position is equal.} 15. Qd2 $146 ({Predecessor:} 15. h4 Qe7 16. Qe1 Ne5 17. Nxe5 Qxe5 18. Bxf6 Qxf6 19. Qg3 Nd7 20. Rf4 Ne5 21. Raf1 {0-1 (38) Prasanna Raghuram,R (2466)-Castellanos Rodriguez,R (2484) Forni di Sopra 2016}) 15... Bxg5 16. Nxg5 (16. Qxg5 Qxg5 17. Nxg5 h6 $15) 16... Ne5 17. fxg6 hxg6 18. Qf4 $2 Kg7 $2 (18... Nxd3 19. Qh4 Qxg5 20. Qxg5 $18) ({Better is} 18... f6 $1 $19 19. Bxb5 axb5) 19. Be2 $11 Nbc4 20. Nd1 (20. b4 $14) 20... f6 21. Nf3 f5 {[%emt 0:12:06] aiming for ...fxe4.} 22. Ng5 $40 {[%emt 0:03:49][%mdl 128] White attacks.} fxe4 23. Qh4 Rh8 {[%emt 0:00:30] Prevents Qh7+.} 24. Qf4 Ra7 (24... Rf8 $11 {keeps the balance.} 25. Qh4 Rxf1+ 26. Bxf1 Qh8) 25. Bxc4 ({Worse is} 25. Nxe4 Rh4 26. Qg5 Qxg5 27. Nxg5 Nd2 $17) ({White should play} 25. Nc3 $16) 25... bxc4 (25... Rh5 $1 $14) 26. Nc3 ({Much worse is} 26. Ne3 $6 Rb7 $11) (26. Nf2 $1 $16 ) 26... Nd3 27. Qe3 (27. Qg3 $1 $14 e3 28. Qxe3) 27... Qe8 {[%emt 0:06:14] Strongly threatening ...Qe5.} 28. Ncxe4 {[%emt 0:00:34][%cal Ob2b3] Dancing on a razor blade.} Re7 $2 (28... Qe5 $11 29. Qg3 Qxg3 30. hxg3 Rh5) 29. Qf3 $18 Bf5 30. Nxd6 Qb8 31. Qg3 ({But not} 31. Nge4 $2 Rxe4 $1 32. Nxf5+ gxf5 $19) 31... Bd7 32. Ngf7 {[%emt 0:02:14] Pair of Knights!} Rf8 33. Qh4 {[%emt 0:01:21] White wants to mate with Qh6+.} Rexf7 34. Nxf7 {[%emt 0:00:30] Intending Qh6+ and mate.} Rxf7 35. Rxf7+ Kxf7 36. Qh7+ {[%emt 0:00:21][%mdl 64] Skewer} Kf6 37. Qxd7 {[%emt 0:00:14] Threatens to win with d6.} Qxb2 {[%emt 0:00:22] [#]} 38. Rf1+ $1 Ke5 39. Qe6+ Kd4 40. d6 {[%emt 0:00:43] Weighted Error Value: White=0.56/Black=1.05} 1-0